 Dungeon Crawl Stone Soup version 0.22-a0-877-g5c4e1afb51 (webtiles) character file.

219 Askman the Ducker (level 5, -6/41 HPs)
             Began as a Merfolk Gladiator on July 29, 2018.
             Mangled by Grinder (9 damage)
             ... on level 3 of the Dungeon.
             The game lasted 00:09:42 (1754 turns).

Askman the Ducker (Merfolk Gladiator)               Turns: 1754, Time: 00:09:43

Health: -6/41      AC:  5    Str: 15    XL:     5   Next: 96%
Magic:  5/5        EV: 15    Int:  7    God:
Gold:   61         SH:  0    Dex: 16    Spells: 4/4 levels left

rFire    . . .     SeeInvis .   a - +0 long sword
rCold    . . .     Gourm    .   (no shield)
rNeg     . . .     Faith    .   b - +0 leather armour
rPois    .         Spirit   .   c - +0 helmet
rElec    .         Reflect  .   (no cloak)
rCorr    .         Harm     .   h - +0 pair of gloves
MR       .....                  (no boots)
Stlth    ++........             (no amulet)
HPRegen  0.13/turn              (no ring)
MPRegen  0.09/turn              (no ring)

@: no status effects
A: change form in water, swift swim, stealthy swim
a: no special abilities


You were on level 3 of the Dungeon.
You were not hungry.

You visited 1 branch of the dungeon, and saw 3 of its levels.

You collected 61 gold pieces.

Inventory:

Hand Weapons
 a - a +0 long sword (weapon)
Missiles
 d - a throwing net (quivered) {!f}
 g - 5 poisoned needles
Armour
 b - a +0 leather armour (worn)
 c - a +0 helmet (worn)
 h - a +0 pair of gloves (worn)
   (You found it on level 1 of the Dungeon)
Scrolls
 f - a scroll of fear {unknown}
 i - 2 scrolls of magic mapping {unknown}
 j - a scroll of enchant armour {unknown}
 k - a scroll of identify {unknown}
 l - 2 scrolls of random uselessness {unknown}
 m - a scroll of noise {unknown}
Comestibles
 e - a ration {!d}


   Skills:
 + Level 3.3 Fighting
 * Level 4.9 Long Blades
 + Level 2.9 Throwing
 + Level 4.9 Dodging
 + Level 2.3 Stealth


You had 4 spell levels left.
You didn't know any spells.
Your spell library contained the following spells:

 Spells                   Type           Power        Failure   Level  Hunger
 Magic Dart               Conj           #...         50%         1    ##.....
 Conjure Flame            Conj/Fire      #.......     86%         3    ####...
 Slow                     Hex            #.......     65%         2    ###....
 Mephitic Cloud           Conj/Pois/Air  #.......     86%         3    ####...
 Blink                    Tloc           N/A          65%         2    ###....
 Call Imp                 Summ           #.......     65%         2    ###....


Dungeon Overview and Level Annotations

Branches:
Dungeon (3/15)

Altars:

Annotations:
D:3 Grinder


Message History

You hit the jackal.
You hear a shout! x3
The jackal misses you.
You miss the jackal. The jackal misses you. Grinder gestures at you.
You barely resist. The jackal misses you.
You riposte.
You slash the jackal!
You kill the jackal!
You see here a jackal corpse.
You barely miss the orc. The orc hits you with a mace.
You slash the orc!
You kill the orc!
Grinder gestures at you. Pain shoots through your body!
Grinder gestures at you.
You suddenly lose the ability to move!
Grinder gestures at you. You resist with significant effort. Grinder hits you.
You writhe in agony.
You can move again.
You hit Grinder. Grinder closely misses you.
You riposte.
You hit Grinder but do no damage. You closely miss Grinder.
Grinder hits you but does no damage.
You barely miss Grinder. Grinder hits you. Grinder gestures at you.
You barely resist. You slash Grinder! Grinder hits you!
* * * LOW HITPOINT WARNING * * *
You writhe in agony.
* * * LOW HITPOINT WARNING * * *
You closely miss Grinder. Grinder completely misses you.
You closely miss Grinder. Grinder barely misses you.
Throwing (i - inventory)
d - 2 throwing nets (quivered)
{!f}
Aim: Grinder (moderately wounded) Really fire
d - 2 throwing nets {!f}?
You throw a throwing net {!f}.
The throwing net {!f} barely misses Grinder.
Grinder hits you.
* * * LOW HITPOINT WARNING * * *
You writhe in agony.
* * * LOW HITPOINT WARNING * * *
You closely miss Grinder. Grinder misses you.
You hit Grinder but do no damage. Grinder barely misses you.
You closely miss Grinder. Grinder gestures at you.
You resist with significant effort. Grinder hits you.
* * * LOW HITPOINT WARNING * * *
You writhe in agony.
* * * LOW HITPOINT WARNING * * *
You closely miss Grinder. Grinder hits you!
You die...

........#
........#
..h.....# ###
........# ..#
........# #.#
#+#†# #.#
######(#.#### #.#
.......5.†..###.#
###.$..#@##.....#
#..5.#.......<#
#..o.##########
.....5 ####..#
... 8...


You could see Grinder.

Vanquished Creatures
  Sigmund (D:2)
  An adder (D:2)
  2 dart slugs
  4 leopard geckos
  An orc (D:3)
  2 giant cockroaches
  7 goblins
  4 hobgoblins (D:1)
  4 jackals (D:3)
  8 kobolds
  A quokka (D:2)
  2 ball pythons (D:1)
  5 bats
  3 frilled lizards
  4 rats
49 creatures vanquished.

Notes
Turn   | Place    | Note
-------+----------+-------------------------------------------
     0 | D:1      | Askman the Merfolk Gladiator began the quest for the Orb.
     0 | D:1      | Reached XP level 1. HP: 16/16 MP: 1/1
   128 | D:1      | Reached XP level 2. HP: 19/23 MP: 2/2
   594 | D:1      | Reached XP level 3. HP: 25/28 MP: 3/3
   597 | D:1      | Reached skill level 1 in Stealth
   944 | D:2      | Reached XP level 4. HP: 34/34 MP: 4/4
  1002 | D:2      | Noticed Sigmund
  1033 | D:2      | Killed Sigmund
  1033 | D:2      | Reached XP level 5. HP: 7/41 MP: 5/5
  1706 | D:3      | Noticed Grinder
  1722 | D:3      | Paralysed by Grinder for 3 turns
  1741 | D:3      | Paralysed by Grinder for 3 turns
  1754 | D:3      | Mangled by Grinder

Vault maps used:
D:1:      eino_arrival_druids_welcome
D:2:      uniq_sigmund
D:3:      cheibrodos_pilgrimage, grunt_temple_overflow_lords_of_destruction,
          dancing_weapons_uskayaw, nicolae_overflow_hidden_temple, first_ration,
          uniq_grinder

Skill      XL: |  1  2  3  4 |
---------------+-------------+-----
Stealth        | 1 2 |  2.3
Long Blades    | 4 |  4.9
Fighting       | 3 |  3.3
Throwing       | |  2.9
Dodging        | |  4.9

Action                   |  1- 3 |  4- 6 || total
-------------------------+-------+-------++-------
Melee: Long sword        |   105 |    42 ||   147
Throw: Throwing net      |       |     4 ||     4
 Stab: Sleeping          |     2 |       ||     2
  Eat: Chunk             |       |     1 ||     1
       Ration            |       |     1 ||     1
Armor: Leather armour    |    38 |     5 ||    43
Dodge: Dodged            |    92 |    18 ||   110
       Rpst.: Long sword |    27 |     7 ||    34

Table legend:
 A = Spawn XP
 B = Non-spawn XP
 C = Spawn XP percentage of total XP
 D = Spawn monster count
 E = Non-spawn monster count
 F = Spawn count percentage of total count
 G = Total turns spent on level
                    A         B        C        D         E        F      G
               +---------+---------+-------+---------+---------+-------+---------
         Total |       0 |     314 |   0.0 |       0 |      49 |   0.0 |  1754
               +---------+---------+-------+---------+---------+-------+---------
           D:1 |       0 |      49 |   0.0 |       0 |      27 |   0.0 |   745
           D:2 |       0 |     253 |   0.0 |       0 |      16 |   0.0 |   954
           D:3 |       0 |      12 |   0.0 |       0 |       6 |   0.0 |    55
               +---------+---------+-------+---------+---------+-------+---------
